 Dungeon Crawl Stone Soup version 0.27-a0-457-gba82baf56e (webtiles) character file.

Game seed: 17936430245467723122

583 Morbidden the Insei (level 6, -14/51 HPs)
             Began as a Demigod Transmuter on Feb 28, 2021.
             Demolished by Blork the orc
             ... wielding a +4 hand axe of electrocution
              (15 damage)
             ... on level 4 of the Dungeon.
             The game lasted 00:08:19 (6805 turns).

Morbidden the Insei (Demigod Transmuter)            Turns: 6805, Time: 00:08:20

Health: -14/51     AC:  3    Str: 11    XL:     6   Next: 90%
Magic:  13/13      EV: 14    Int: 23    God:
Gold:   179        SH:  0    Dex: 20    Spells: 6/11 levels left

rFire    . . .     SeeInvis .     - Unarmed
rCold    . . .     Faith    .   (no shield)
rNeg     . . .     Spirit   .   a - +0 robe
rPois    +         Reflect  .   (no helmet)
rElec    .         Harm     .   (no cloak)
rCorr    .         Rampage  .   (no gloves)
Will     .....                  c - +0 pair of boots
Stlth    ++........             w - amulet of regeneration
HPRegen  1.17/turn              y - ring of poison resistance
MPRegen  0.13/turn              p - +6 ring of dexterity

@: lethally poisoned (-14 -> -15)
A: high mp 1, sturdy frame 1
a: no special abilities


You were on level 4 of the Dungeon.
You visited 1 branch of the dungeon, and saw 4 of its levels.

You collected 179 gold pieces.

Inventory:

Missiles
 b - 5 boomerangs (quivered)
 n - 20 poisoned darts
Armour
 a - a +0 robe (worn)
 c - a +0 pair of boots (worn)
Jewellery
 j - a ring of flight
 l - a ring of positive energy
 p - a +6 ring of dexterity (right hand)
 w - an amulet of regeneration (around neck)
 y - a ring of poison resistance (left hand)
Wands
 e - a wand of random effects (21)
 x - a wand of iceblast (3)
Scrolls
 f - 2 scrolls of magic mapping {unknown}
 g - 4 scrolls of teleportation {unknown}
 h - a scroll of fog {unknown}
 i - 4 scrolls of identify {unknown}
 o - 2 scrolls of random uselessness {unknown}
 r - a scroll of amnesia {unknown}
 u - 4 scrolls of immolation {unknown}
 v - a scroll of enchant armour {unknown}
Potions
 d - 3 potions of curing
 m - a potion of haste {unknown}
 q - a potion of heal wounds {unknown}
 s - a potion of degeneration {unknown}
 t - a potion of flight {unknown}


   Skills:
 * Level 3.0 Fighting
 + Level 0.6 Throwing
 * Level 2.9 Dodging
 + Level 0.7 Stealth
 + Level 3.8 Unarmed Combat
 * Level 3.0 Spellcasting
 * Level 3.4 Transmutations
 * Level 2.0 Poison Magic
 + Level 0.2 Evocations


You had 6 spell levels left.
You knew the following spells:

 Your Spells              Type           Power        Failure   Level
a - Magic Dart            Conj           12%          12%         1
b - Spider Form           Tmut/Pois      8%           11%         3
c - Beastly Appendage     Tmut           38%          2%          1

Your spell library contained the following spells:

 Spells                   Type           Power        Failure   Level
 Wereblood                Tmut           19%          4%          2
 Blink                    Tloc           N/A          17%         2
 Call Imp                 Summ           3%           17%         2
 Slow                     Hex            3%           17%         2
 Mephitic Cloud           Conj/Pois/Air  6%           26%         3
 Conjure Flame            Conj/Fire      3%           34%         3
 Ice Form                 Ice/Tmut       11%          50%         4
 Blade Hands              Tmut           9%           61%         5


Dungeon Overview and Level Annotations

Branches:
Dungeon (4/15)             Temple (0/1) D:4

Annotations:
D:4 Blork the orc


Innate Abilities, Weirdness & Mutations

You have an increased reservoir of magic. (+10% MP)
Your movements are slightly less encumbered by armour. (ER -2)


Message History

The adder bites you.
* * * LOW HITPOINT WARNING * * *
You are poisoned.
The adder poisons you!
You feel sick.
Unknown command.
You hit the adder.
The adder is poisoned.
The adder is moderately wounded.
The adder completely misses you. The adder barely misses you.
Unknown command.
Unknown command.
You feel sick.
Blork the orc screams, "I'll break your legs!"
Your transformation is almost over.
The adder misses you.
You feel sick.
Blork the orc curses loudly.
You kill the adder!
You feel sick.
Bite: -) Fangs (venom)
Press: ? - help, Dir - move target, f - you
Okay, then.
It was a potion of mutation.
You feel extremely strange.
You feel less encumbered by your armour.
Unknown command.
You hit Blork the orc but do no damage.
Blork the orc is poisoned.
Blork the orc casts a spell at you. The magic dart hits you.
Blork the orc hits you with a +4 hand axe of electrocution!
* * * LOW HITPOINT WARNING * * *
You hit Blork the orc.
Blork the orc looks as sick as possible!
Blork the orc is moderately wounded.
Your transformation has ended.
Your +0 pair of boots unmelds from your body.
Your +0 robe unmelds from your body.
Blork the orc hits you with a +4 hand axe of electrocution!
* * * LOW HITPOINT WARNING * * *
You are electrocuted!
You die...

.. #......##.#.#.#.#### #.
#..§§..#............ #.#
#.§§§.##...##.##.### #..
#.§.........#.##.#..
######.##.##.###....#.##.#.#
........[....# #....#.##.#.#
#.######.###..###.#.##.##.#..
#......................##.###
.#####...#.##@.###.#.#####.###
......._....o..# #.#..........
#####......###.# #.#..####.###
######..##.# #.#..#..#.#
##.##.# #.#..#..#.# #..#.#
#.#..#..#.# ###### ##.#.#
#.#..#..#.# ......####.#.#
#..#..#.# #......##.#
#..#.†#.#


You could see Blork the orc (fast, extremely poisoned).

Vanquished Creatures
  Sigmund (D:3)
  A phantom (D:3)
  A scorpion (D:4)
  A howler monkey (D:4)
  An orc priest (D:3)
  Terence (D:3)
  A worker ant (D:4)
  A gnoll (D:4)
  6 adders
  3 worms (D:2)
  3 dart slugs
  2 leopard geckos
  6 orcs
  8 bats
  6 giant cockroaches
  13 goblins
  9 hobgoblins
  15 jackals
  2 quokkas
  5 frilled lizards
  6 kobolds
  13 rats
105 creatures vanquished.

Vanquished Creatures (others)
  17 plants (D:2)
17 creatures vanquished.

Grand Total: 122 creatures vanquished

Notes
Turn   | Place    | Note
-------+----------+-------------------------------------------
     0 | D:1      | Morbidden the Demigod Transmuter began the quest for the
                  | Orb.
     0 | D:1      | Reached XP level 1. HP: 15/15 MP: 5/5
    22 | D:1      | Reached skill level 1 in Fighting
   270 | D:1      | Reached XP level 2. HP: 23/23 MP: 5/7
  1200 | D:1      | Reached XP level 3. HP: 28/28 MP: 6/8
  1204 | D:1      | Learned a level 3 spell: Spider Form
  2952 | D:2      | Reached XP level 4. HP: 33/36 MP: 10/10
  4500 | D:3      | Noticed Terence
  4874 | D:3      | Reached XP level 5. HP: 21/41 MP: 11/11
  5243 | D:3      | Found a white marble altar of Elyvilon.
  5253 | D:3      | Noticed Sigmund
  5260 | D:3      | Killed Sigmund
  5261 | D:3      | Reached skill level 1 in Poison Magic
  5261 | D:3      | Reached XP level 6. HP: 48/48 MP: 11/13
  5314 | D:3      | Killed Terence
  5837 | D:3      | Learned a level 1 spell: Magic Dart
  6476 | D:4      | Found a staircase to the Ecumenical Temple.
  6731 | D:4      | Found a bloodstained altar of Trog.
  6781 | D:4      | Noticed Blork the orc
  6803 | D:4      | Gained mutation: Your movements are slightly less
                  | encumbered by armour. (ER -2) [potion of mutation]
  6805 | D:4      | HP: 1/51 [Blork the orc/+4 hand axe of electrocution (7)]
  6805 | D:4      | Demolished by Blork the orc

Illustrated notes

Levels and vault maps discovered:
D:1:      saegor_arrival_simple_a, layout_basic, minmay_3d_cube
D:2:      layout_loops_ring, serial_forest, infiniplex_forest_lined_3,
          infiniplex_forest_clump_double, infiniplex_forest_split,
          infiniplex_forest_clump_curved, infiniplex_forest_lined_1,
          infiniplex_forest_clump_diagonal, infiniplex_forest_join,
          minmay_tree_intersection
D:3:      layout_loops_cross, elyvilon_altar_3, uniq_sigmund, uniq_terence
D:4:      minmay_opposing_rooms, layout_basic, old_standard_altar,
          minmay_temple_entry_purple_smoke, bloody_trog, uniq_blork_the_orc

Skill      XL: |  1  2  3  4  5  6 |
---------------+-------------------+-----
Fighting       | 1 2 3 |  3.0
Spellcasting   | 2 3 |  3.0
Transmutations | 2 3 |  3.4
Dodging        | 2 |  2.9
Unarmed Combat | 3 |  3.8
Poison Magic   | 1 2 |  2.0
Throwing       | |  0.6
Stealth        | |  0.7
Evocations     | |  0.2

Action                   |  1- 3 |  4- 6 || total
-------------------------+-------+-------++-------
Melee: Unarmed           |   180 |   177 ||   357
       Kick              |    28 |    35 ||    63
       Headbutt          |    20 |    16 ||    36
       Punch             |       |     1 ||     1
Throw: Dart              |     3 |    19 ||    22
       Boomerang         |       |     1 ||     1
 Cast: Beastly Appendage |    31 |    22 ||    53
       Spider Form       |       |     6 ||     6
       Magic Dart        |       |     4 ||     4
Evoke: Wand              |       |     4 ||     4
  Use: Potion            |     1 |     2 ||     3
 Stab: Sleeping          |       |     4 ||     4
       Distracted        |       |     1 ||     1
Armor: Robe              |    30 |    15 ||    45
       Skin              |       |     1 ||     1
Dodge: Dodged            |   143 |   131 ||   274

Table legend: (Time is in decaauts)
 A = Elapsed time spent in this place.
 B = Non-inter-level travel time spent in this place.
 C = Inter-level travel time spent in this place.
 D = Time resting spent in this place.
 E = Time spent auto-exploring this place.
 F = Levels seen in this place.
 G = Mean time per level.
                   A        B        C        D        E       F      G
               +--------+--------+--------+--------+--------+-----+--------+
         Total |   6794 |   6687 |    107 |   1649 |   3988 |   4 | 1698.5 |
       Dungeon |   6794 |   6687 |    107 |   1649 |   3988 |   4 | 1698.5 |
               +--------+--------+--------+--------+--------+-----+--------+

Top non-repeatable levels by time:
     D:2: 2432 daAuts
     D:1: 2252 daAuts
     D:3: 1563 daAuts
     D:4: 546 daAuts
